 Dungeon Crawl Stone Soup version 0.22-a0-443-g17c3723 (webtiles) character file.

280 Gorglomux the Poker (level 6, -8/49 HPs)
             Began as a Merfolk Fighter on June 2, 2018.
             Killed from afar by Ijyb (25 damage)
             ... with a wand of acid (5)
             ... on level 3 of the Dungeon.
             The game lasted 00:05:07 (2698 turns).

Gorglomux the Poker (Merfolk Fighter)               Turns: 2698, Time: 00:05:08

Health: -8/49      AC:  0    Str: 16    XL:     6   Next: 27%
Magic:  6/6        EV:  9    Int:  7    God:
Gold:   183        SH:  9    Dex: 16    Spells: 5/5 levels left

rFire    . . .     SeeInvis .   a - +0 trident
rCold    . . .     Gourm    .   c - +0 shield
rNeg     . . .     Faith    .   r - +0 scale mail
rPois    .         Spirit   .   (no helmet)
rElec    .         Reflect  .   (no cloak)
rCorr    .         Harm     .   i - +0 pair of gloves
MR       .....                  (no boots)
Stlth    ..........             l - amulet of rage
HPRegen  0.16/turn              V - -3 ring of protection (curse)
MPRegen  0.10/turn              (no ring)

@: corroded
A: change form in water, swift swim, stealthy swim
a: Evoke Berserk Rage


You were on level 3 of the Dungeon.
You were hungry.

You visited 1 branch of the dungeon, and saw 4 of its levels.

You collected 183 gold pieces.

Inventory:

Hand Weapons
 a - a +0 trident (weapon)
 b - a +1 dagger of venom
Armour
 c - a +0 shield (worn)
 i - a +0 pair of gloves (worn)
 r - a +0 scale mail (worn)
Jewellery
 l - an amulet of rage (around neck)
 V - a cursed -3 ring of protection (left hand)
Scrolls
 j - a scroll of blinking {unknown}
 n - a scroll of enchant weapon {unknown}
 p - a scroll of amnesia
 q - a scroll of remove curse {unknown}
 R - 3 scrolls of identify
 T - a scroll of teleportation
Potions
 d - 2 potions of might
 m - a potion of magic
 o - a potion of flight
 U - 2 potions of agility
Comestibles
 f - 6 rations


   Skills:
 + Level 4.6 Fighting
 + Level 5.2 Polearms
 - Level 2.1 Armour
 + Level 3.7 Dodging
 + Level 4.2 Shields


You had 5 spell levels left.
You didn't know any spells.
Your spell library was empty.

Dungeon Overview and Level Annotations

Branches:
Dungeon (4/15)             Temple (0/1) D:4

Altars:
Sif Muna

Annotations:
D:3 Ijyb
D:4 Grinder


Message History

There is a stone staircase leading down here!
Unknown command!
You start resting!
You feel a little less agile now!
You butt resting!
You are starting to lose your buoyancy!
You start resting!
You float gracefully downwards!
Found a mace!
Ijyb is too close now for your liking!
(D) Dungeon (T) Temple
Where to? (Enter - D:3 @ (x,y), ? - help) Butt shouts!!!
Ijyb is too close now for your liking! Ijyb screams, "Me stronger than you!!!"
Ijyb zaps a wand!
The bolt of acid hits you!!! The butt corrodes you!!!
You are splashed with acid!!!
The acid burns!!!
Ijyb zaps a wand!
The bolt of acid hits butt!!!
DANG rip

##.##.##.# #...##
##.##g##.# #..##
.#.#...#.# #..#
#........#### #.)#
#...........###..#
#................#
.......####.###..#
g.....## #.# #..#
#.#...# #.###.@#
......# ###..##..#
#.#..## #........#
#.##.####.##.###.#
...........g.....#
####.#######.###.#
#.# ##..###.### #
#.#####.........#
####.#.....###.###.#


You could see Ijyb.

Vanquished Creatures
  A phantom (D:4)
  A scorpion (D:4)
  2 orc priests (D:4)
  4 adders
  A worm (D:2)
  A dart slug (D:1)
  2 leopard geckos
  2 orcs (D:4)
  3 bats
  A giant cockroach (D:1)
  6 goblins
  3 hobgoblins
  A quokka (D:2)
  7 frilled lizards
  7 kobolds
  4 rats
46 creatures vanquished.

Notes
Turn   | Place    | Note
-------+----------+-------------------------------------------
     0 | D:1      | Gorglomux the Merfolk Fighter began the quest for the Orb.
     0 | D:1      | Reached XP level 1. HP: 18/18 MP: 1/1
   171 | D:1      | Reached skill level 1 in Dodging
   171 | D:1      | Reached XP level 2. HP: 24/24 MP: 2/2
   804 | D:2      | Reached XP level 3. HP: 29/29 MP: 3/3
  1667 | D:3      | Found a deep blue altar of Sif Muna.
  1677 | D:3      | Reached XP level 4. HP: 37/37 MP: 4/4
  1749 | D:3      | Reached skill level 4 in Polearms
  1889 | D:3      | Noticed Ijyb
  2128 | D:4      | Reached XP level 5. HP: 42/42 MP: 5/5
  2236 | D:4      | Reached skill level 3 in Dodging
  2346 | D:4      | Noticed a phantom
  2402 | D:4      | Killed a phantom
  2402 | D:4      | Reached skill level 5 in Polearms
  2402 | D:4      | Reached XP level 6. HP: 25/49 MP: 6/6
  2595 | D:4      | Found a staircase to the Ecumenical Temple.
  2596 | D:4      | Noticed Grinder
  2596 | D:4      | Paralysed by Grinder for 6 turns
  2617 | D:4      | Paralysed by Grinder for 3 turns
  2698 | D:3      | Killed from afar by Ijyb

Vault maps used:
D:1:      sevenhm_arrival_forest_fort_small_3, hangedman_feature_mirror
D:2:      mumra_celtic_spiral_tile
D:3:      lemuel_doored_altar, uniq_ijyb
D:4:      minmay_temple_entry_glass, uniq_duvessa, uniq_grinder

Skill      XL: |  1  2  3  4  5 |
---------------+----------------+-----
Dodging        | 1 2 3 |  3.7
Polearms       | 4 5 |  5.2
Fighting       | 4 |  4.6
Shields        | 4 |  4.2
Armour         | |  2.1

Action                   |  1- 3 |  4- 6 || total
-------------------------+-------+-------++-------
Melee: Trident           |   131 |    23 ||   154
       Dagger            |    11 |    36 ||    47
 Abil: Evoke Berserk Rag |       |     1 ||     1
  Use: Scroll            |       |     4 ||     4
       Potion            |       |     2 ||     2
  Eat: Chunk             |     2 |     4 ||     6
Armor: Scale mail        |    58 |    14 ||    72
Dodge: Dodged            |    40 |    11 ||    51
Block: Shield            |    58 |    28 ||    86

Table legend:
 A = Spawn XP
 B = Non-spawn XP
 C = Spawn XP percentage of total XP
 D = Spawn monster count
 E = Non-spawn monster count
 F = Spawn count percentage of total count
 G = Total turns spent on level
                    A         B        C        D         E        F      G
               +---------+---------+-------+---------+---------+-------+---------
         Total |       0 |     401 |   0.0 |       0 |      46 |   0.0 |  2698
               +---------+---------+-------+---------+---------+-------+---------
           D:1 |       0 |      32 |   0.0 |       0 |      18 |   0.0 |   733
           D:2 |       0 |      49 |   0.0 |       0 |      13 |   0.0 |  1092
           D:3 |       0 |      20 |   0.0 |       0 |       6 |   0.0 |   342
           D:4 |       0 |     300 |   0.0 |       0 |       9 |   0.0 |   531
               +---------+---------+-------+---------+---------+-------+---------
